 Dungeon Crawl Stone Soup version 0.30.1-11-g7821555f0a (webtiles) character file.

Game seed: 4479190446669191050

29 Michael the Vexing (level 3, 0/15 HPs)
             Began as a Felid Enchanter on Nov 29, 2023.
             Was an Initiate of Makhleb.
             Slain by an ice beast (12 damage)
             ... on level 3 of the Dungeon.
             The game lasted 00:01:52 (383 turns).

Michael the Vexing (Felid Enchanter)                 Turns: 383, Time: 00:01:52

Health: 0/15       AC:  1    Str:  6    XL:     3   Next: 1%
Magic:  5/7        EV: 17    Int: 16    God:    Makhleb [......]
Gold:   9          SH:  0    Dex: 16    Spells: 1/6 levels left
                                        Lives:  0   Deaths: 0

rFire   . .          .
                       - Unarmed
rCold   . . .        (shield unavailable)
rNeg    . . .        (body armour unavailable)
rPois   .            (helmet unavailable)
rElec   .            (cloak unavailable)
rCorr   .            (gloves unavailable)
SInv    +            (boots unavailable)
Will    .....        (no amulet)
Stlth   +++          (no ring)
HPRegen 0.22/turn    (no ring)
MPRegen 0.10/turn

%: no passive effects
@: invisible, quick
A: very small, claws 1, fangs 3, see invisible, speed 1, shaggy fur 1, stealthy
paws, no weapons or thrown items, no armour, multi-lived
a: Renounce Religion


You were on level 3 of the Dungeon.
You worshipped Makhleb.
Makhleb was noncommittal.
You visited 1 branch of the dungeon, and saw 3 of its levels.

You collected 9 gold pieces.

Inventory:

Potions
 b - a potion of degeneration {unknown}
 c - a potion of might {unknown}
 d - a potion of lignification {unknown}


   Skills:
 * Level 0.3 Fighting
 * Level 2.8 Dodging
 * Level 4.8 Stealth
 * Level 1.3 Unarmed Combat
 * Level 2.1 Spellcasting
 * Level 4.8 Hexes
 * Level 0.2 Ice Magic


You had one spell level left.
You knew the following spells:

 Your Spells              Type           Power      Damage    Failure   Level
a - Ensorcelled Hibernat  Hex/Ice        18%        N/A       11%         2
b - Tukima's Dance        Hex            17%        N/A       9%          3

Your spell library contained the following spells:

 Spells                   Type           Power      Damage    Failure   Level
 Beastly Appendage        Tmut           2%         N/A       21%         1
 Confusing Touch          Hex            17%        N/A       9%          3
 Dazzling Flash           Conj/Hex       18%        N/A       22%         3
 Wereblood                Tmut           1%         N/A       30%         2
 Spider Form              Tmut/Pois      1%         N/A       52%         3


Dungeon Overview and Level Annotations

Branches:
Dungeon (3/15)

Altars:
Makhleb


Innate Abilities, Weirdness & Mutations

You have sharp claws.
You have razor-sharp teeth.
You have supernaturally acute eyesight. (SInv)
You cover ground quickly. (Speed+)
You are covered in fur. (AC +1)
Your paws help you pounce on unaware monsters.
You are incapable of wielding weapons or throwing items.
You cannot wear armour.
You gain extra lives every three experience levels.


Message History

Found a stone staircase leading down.
Found a glowing orange potion.
A hobgoblin comes into view.
Found a stone staircase leading up.
The hobgoblin hits you but does no damage.
Casting: Ensorcelled Hibernation (safe; 11% risk of failure)
Confirm with . or Enter, or press ? or * to list all spells.
Aiming: Ensorcelled Hibernation (safe; 11% risk of failure)
Press: ? - help, Shift-Dir - straight line, f - hobgoblin
Aim: a hobgoblin (chance to affect: 61%)
The hobgoblin looks drowsy...
You pounce on the unaware helpless hobgoblin!
You claw the hobgoblin!
You kill the hobgoblin!
Makhleb accepts your kill.
You have reached level 3!
Your experience leads to an increase in your attributes!
Increase (S)trength, (I)ntelligence, or (D)exterity?
You feel stronger. x2
This spell is extremely dangerous to cast!
Memorise Tukima's Dance, consuming 3 spell levels and leaving 1?
You start memorising the spell.
You continue memorising. x3
You finish memorising.
Spell assigned to 'b'.
d - a glowing orange potion You aren't carrying any scrolls.
There is a stone staircase leading down here.
You climb downwards.
Found a lumpy purple potion.
There is a stone staircase leading up here.
You pounce on the unaware helpless ice beast!
You claw the ice beast!
The ice beast is heavily wounded.
Casting: Ensorcelled Hibernation (safe; 11% risk of failure)
Confirm with . or Enter, or press ? or * to list all spells.
You can't see any susceptible monsters within range! (Use Z to cast anyway.) Unknown command.
You fade into invisibility!
The ice beast hits you. The ice beast freezes you!
Ouch! That really hurt!
You die...

#.# #.# . #.#
.. #.# ... #.#
..
######.##.##..
#......Y...!..
#@...#
#........
#........
#........
######.#. .. .


You could see an ice beast (unable to see you).

Vanquished Creatures
  2 adders (D:2)
  A dart slug (D:1)
  3 endoplasms (D:1)
  A hobgoblin (D:2)
  A quokka (D:1)
  2 rats (D:1)
10 creatures vanquished.

Notes
Turn   | Place    | Note
-------+----------+-------------------------------------------
     0 | D:1      | Michael the Felid Enchanter began the quest for the Orb.
     0 | D:1      | Reached XP level 1. HP: 7/7 MP: 4/4
   166 | D:1      | Reached XP level 2. HP: 11/11 MP: 6/6
   171 | D:1      | Learned a level 2 spell: Ensorcelled Hibernation
   249 | D:2      | Found a burning altar of Makhleb.
   318 | D:2      | Became a worshipper of Makhleb the Destroyer
   360 | D:2      | Reached XP level 3. HP: 15/15 MP: 3/7
   364 | D:2      | Learned a level 3 spell: Tukima's Dance
   381 | D:3      | Noticed an ice beast
   383 | D:3      | Slain by an ice beast

Illustrated notes

Levels and vault maps discovered:
D:1:      amcnicky_arrival_blooded_trapdoor, layout_loops_cross,
          ebering_ecumenical_altar_mist, st_stairs_4
D:2:      layout_rooms, basic_altar, minmay_cupped, uniq_jessica
D:3:      layout_basic, marbit_many_paths, nicolae_titane, uniq_grinder

Action                     || total
---------------------------++-------
  Melee: Unarmed           ||    20
         Bite              ||     1
   Cast: Ensorcelled Hiber ||     4
    Use: Potion            ||     2
   Stab: Sleeping          ||     8
         Invisible         ||     1
 Armour: Skin              ||     1
  Dodge: Dodged            ||    11
